 Dungeon Crawl Stone Soup version 0.22-a0-558-gc224181 (webtiles) character file.

2492 pk666 the Thaumaturge (level 9, 0/45 HPs)
             Began as a Deep Elf Wizard on June 26, 2018.
             Was an Initiate of Vehumet.
             Slain by a guardian serpent (14 damage)
             ... on level 3 of the Abyss.
             The game lasted 00:20:36 (9381 turns).

pk666 the Thaumaturge (Deep Elf Wizard)             Turns: 9381, Time: 00:20:36

Health: 0/45       AC:  3    Str:  4    XL:     9   Next: 27%
Magic:  25/25      EV: 13    Int: 27    God:    Vehumet [......]
Gold:   406        SH:  0    Dex: 13    Spells: 20/29 levels left

rFire    . . .     SeeInvis .   o - +0 dagger
rCold    . . .     Gourm    .   (no shield)
rNeg     . . .     Faith    +   a - +0 robe
rPois    .         Spirit   .   b - +0 hat
rElec    .         Reflect  .   A - +0 cloak
rCorr    .         Harm     .   (no gloves)
MR       .....                  (no boots)
Stlth    ++........             g - amulet of faith
HPRegen  0.15/turn              (no ring)
MPRegen  0.19/turn              (no ring)

@: lethally poisoned (0 -> -4), slowed, very slow
A: no striking features
a: Renounce Religion


You were on level 3 of the Abyss.
You worshipped Vehumet.
Vehumet was noncommittal.
You were not hungry.

You visited 2 branches of the dungeon, and saw 8 of its levels.
You visited the Abyss 1 time.
You also visited: Sewer.

You collected 477 gold pieces.
You spent 71 gold pieces at shops.

Inventory:

Hand Weapons
 o - a +0 dagger (weapon)
Armour
 a - a +0 robe (worn)
 b - a +0 hat (worn)
 A - a +0 cloak (worn)
Jewellery
 g - an amulet of faith (around neck)
 i - an uncursed ring of fire
 n - an uncursed ring of protection from cold {unknown}
Wands
 q - a wand of digging (13)
 s - a wand of flame (5)
 B - a wand of iceblast (8)
Scrolls
 c - 6 scrolls of magic mapping {unknown}
 e - 5 scrolls of identify
 k - 2 scrolls of fear {unknown}
 t - a scroll of teleportation {unknown}
 w - a scroll of blinking {unknown}
 y - 2 scrolls of enchant weapon {unknown}
 C - a scroll of amnesia
 D - a scroll of immolation {unknown}
Potions
 f - 3 potions of mutation {unknown}
 h - 3 potions of heal wounds {unknown}
 j - 4 potions of flight {unknown}
 l - 2 potions of haste {unknown}
 m - a potion of might {unknown}
 p - 2 potions of brilliance {unknown}
 r - a potion of ambrosia {unknown}
 u - a potion of magic {unknown}
 v - a potion of invisibility {unknown}
 x - 3 potions of degeneration {unknown}
 z - a potion of berserk rage {unknown}
Comestibles
 d - 16 rations


   Skills:
 - Level 2.4 Dodging
 - Level 2.4 Stealth
 + Level 10.6 Spellcasting
 + Level 8.2 Conjurations
   Level 1.1 Summonings
 - Level 1.1 Translocations
 + Level 7.4 Fire Magic


You had 20 spell levels left.
You knew the following spells:

 Your Spells              Type           Power        Failure   Level  Hunger
a - Magic Dart            Conj           ####         1%          1    None
b - Blink                 Tloc           N/A          3%          2    None
c - Conjure Flame         Conj/Fire      ######..     1%          3    None
d - Mephitic Cloud        Conj/Pois/Air  ####....     4%          3    None

Your spell library contained the following spells:

 Spells                   Type           Power        Failure   Level  Hunger
 Slow                     Hex            ##......     6%          2    None
 Call Imp                 Summ           ###.....     3%          2    None


Dungeon Overview and Level Annotations

Branches:
Dungeon (7/15)             Temple (1/1) D:6

Altars:
Ashenzari
Cheibriados
Dithmenos
Elyvilon
Fedhas
Gozag
Makhleb
Nemelex Xobeh
Qazlal
Ru
Sif Muna
Uskayaw
Vehumet
Wu Jian
Xom
Yredelemnul
Zin

Shops:
D:4 (   D:6 ?


Message History

You are cast into the Abyss!
To return, you must find a gate leading back.
Killing monsters will force the Abyss to allow you passage.
This branch contains the abyssal rune of Zot.
Unknown command.
Found 11 stones.
A guardian serpent comes into view.
The guardian serpent shouts!
You hear a shout!
The guardian serpent coils itself and waves its upper body at you.
The bolt of poison hits you!
You are poisoned.
Ouch! That really hurt!
You feel sick.
You feel sick.
You feel sick.
The guardian serpent coils itself and waves its upper body at you.
You feel yourself slow down.
Found a scroll labeled UKKAIN WYMU.
You feel sick. The guardian serpent hits you!
You die...

.... ###.##### #.
..............#.
#.####.#.....
#....... ###. # ##
##...###.# #. #.##
#.## #.⌠.# #.# .
#.?..###.###...###.#
#. #..............#.
## #..@S......... .
##########.#.####
#..#.. .###. ## .⌠


You could see a guardian serpent.

Vanquished Creatures
  Joseph (D:7)
  A hippogriff (D:6)
  Purgy (Sewer)
  2 orc warriors (D:6)
  2 ogres
  An ice beast (D:6)
  A phantom (D:4)
  2 bullfrogs
  A gnoll sergeant (D:7)
  A howler monkey (D:7)
  A crimson imp (D:6)
  A jelly (D:6)
  A bullfrog zombie (D:6)
  4 hounds
  2 bullfrog skeletons (D:5)
  5 orc priests
  6 orc wizards
  4 iguanas
  Natasha (twice) (D:2)
  5 worker ants
  2 hound zombies (D:7)
  A howler monkey zombie (D:7)
  2 worker ant zombies (D:6)
  7 gnolls
  7 adders
  A shadow imp (D:6)
  An adder zombie (D:5)
  An ooze (D:1)
  3 worms
  3 leopard geckos
  18 orcs
  2 ball pythons
  7 giant cockroaches
  6 goblins
  9 hobgoblins
  9 jackals
  2 quokkas
  5 bats
  4 frilled lizards
  7 kobolds
  A leopard gecko zombie (D:6)
  8 rats
150 creatures vanquished.

Notes
Turn   | Place    | Note
-------+----------+-------------------------------------------
     0 | D:1      | pk666 the Deep Elf Wizard began the quest for the Orb.
     0 | D:1      | Reached XP level 1. HP: 10/10 MP: 7/7
   218 | D:1      | Reached XP level 2. HP: 15/15 MP: 6/9
   625 | D:1      | Reached skill level 5 in Spellcasting
  1317 | D:2      | Found a sparkling altar of Nemelex Xobeh.
  1347 | D:2      | Reached XP level 3. HP: 19/19 MP: 7/11
  1486 | D:2      | Noticed Natasha
  1494 | D:2      | Killed Natasha
  1636 | D:2      | Reached XP level 4. HP: 24/24 MP: 9/13
  1642 | D:2      | Found a hide-covered altar of Uskayaw.
  1646 | D:2      | Learned a level 2 spell: Blink
  1650 | D:2      | Learned a level 3 spell: Conjure Flame
  1654 | D:2      | Learned a level 3 spell: Mephitic Cloud
  1896 | D:2      | Noticed Natasha
  1903 | D:2      | Killed Natasha
  2306 | D:3      | Reached skill level 6 in Spellcasting
  2306 | D:3      | Reached skill level 1 in Fire Magic
  2499 | D:3      | Reached XP level 5. HP: 28/28 MP: 11/15
  2585 | D:3      | Found a blossoming altar of Fedhas.
  3139 | D:3      | Found a faded altar of an unknown god.
  3398 | D:4      | Noticed a phantom
  3652 | D:4      | Killed a phantom
  3743 | D:4      | Reached XP level 6. HP: 26/32 MP: 7/17
  3875 | D:4      | Found Duocofuq's Weapon Boutique.
  4160 | D:4      | Reached skill level 7 in Spellcasting
  4439 | D:4      | Reached skill level 5 in Conjurations
  4462 | D:4      | Reached XP level 7. HP: 36/36 MP: 5/19
  4846 | D:5      | Entered Level 5 of the Dungeon
  5207 | D:5      | Found a basalt altar of Yredelemnul.
  5472 | D:5      | Found a glowing drain.
  5508 | Sewer    | Entered a sewer
  5591 | Sewer    | Noticed Purgy
  5614 | Sewer    | Killed Purgy
  5614 | Sewer    | Reached skill level 8 in Spellcasting
  6437 | D:6      | Reached skill level 5 in Fire Magic
  6437 | D:6      | Reached XP level 8. HP: 41/41 MP: 10/22
  6607 | D:6      | Reached skill level 9 in Spellcasting
  7143 | D:6      | Found an opulent altar of Gozag.
  7364 | D:6      | Noticed a hippogriff
  7380 | D:6      | Killed a hippogriff
  7487 | D:6      | Found Byrchelut's Magic Scroll Boutique.
  7563 | D:6      | Bought a scroll of identify for 26 gold pieces
  7563 | D:6      | Bought a scroll of amnesia for 45 gold pieces
  7610 | D:6      | Found a staircase to the Ecumenical Temple.
  7679 | Temple   | Entered the Ecumenical Temple
  7780 | Temple   | Became a worshipper of Vehumet
  8208 | D:6      | Found a shattered altar of Ashenzari.
  8427 | D:7      | Reached skill level 10 in Spellcasting
  8436 | D:7      | Noticed Joseph
  8452 | D:7      | Killed Joseph
  8452 | D:7      | Reached XP level 9. HP: 45/45 MP: 5/25
  9342 | D:7      | Noticed a wizard
  9345 | D:7      | Noticed a wizard
  9346 | D:7      | Cast into level 3 of the Abyss (a wizard)
  9375 | Abyss:3  | Noticed a guardian serpent
  9381 | Abyss:3  | Slain by a guardian serpent

Vault maps used:
D:1:      co_arrival_random_square_maze
D:2:      marbit_many_paths, nicolae_overflow_crystal_walls, first_ration,
          dk_noncrumbling_4, kennysheep_big_empty_room, uniq_natasha
D:3:      lemuel_doored_altar, chequers_ecumenical_altar_grove,
          corexii_hall_statues_x
D:4:      serial_shops, nicolae_shop_window_shopping, hex_large
D:5:      yredelemnul_altar_generic, gup_sewer_entry_glass
D:6:      nicolae_overflow_hidden_temple, kennysheep_mini,
          minmay_temple_entry_junction, serial_shops, shop, wad_floor_pattern_2,
          minmay_small_thing
D:7:      cheibrodos_wizards_tower, okawaru_gym_becter, lemuel_crystal_altar,
          uniq_joseph
Temple:   jpeg_temple_clearing
Abyss:3:  hangedman_abyss_feature_spike, evilmike_abyss_exit_mutagenic
Sewer:    kennysheep_door_sewer

Skill      XL: |  1  2  3  4  5  6  7  8  9 |
---------------+----------------------------+-----
Conjurations   | 2 3 4 5 6 7 8 |  8.2
Spellcasting   | 5 6 7 8 10 | 10.6
Fire Magic     | 1 2 3 5 7 |  7.4
Dodging        | |  2.4
Stealth        | |  2.4
Summonings     | |  1.1
Translocations | |  1.1

Action                   |  1- 3 |  4- 6 |  7- 9 || total
-------------------------+-------+-------+-------++-------
Melee: Dagger            |       |    12 |    28 ||    40
 Cast: Magic Dart        |    76 |   157 |   329 ||   562
       Conjure Flame     |       |     4 |    26 ||    30
       Mephitic Cloud    |       |     6 |    12 ||    18
 Stab: Confused          |       |     1 |     3 ||     4
       Sleeping          |       |       |     2 ||     2
  Eat: Chunk             |     1 |    10 |    14 ||    25
Armor: Robe              |     1 |     7 |     9 ||    17
Dodge: Dodged            |     6 |    27 |    48 ||    81

Table legend:
 A = Spawn XP
 B = Non-spawn XP
 C = Spawn XP percentage of total XP
 D = Spawn monster count
 E = Non-spawn monster count
 F = Spawn count percentage of total count
 G = Total turns spent on level
                    A         B        C        D         E        F      G
               +---------+---------+-------+---------+---------+-------+---------
         Total |       0 |    3561 |   0.0 |       0 |     150 |   0.0 |  9381
               +---------+---------+-------+---------+---------+-------+---------
           D:1 |       0 |      35 |   0.0 |       0 |      19 |   0.0 |  1229
           D:2 |       0 |     106 |   0.0 |       0 |      16 |   0.0 |  1123
           D:3 |       0 |      72 |   0.0 |       0 |      18 |   0.0 |  1012
           D:4 |       0 |     575 |   0.0 |       0 |      28 |   0.0 |  1598
           D:5 |       0 |     195 |   0.0 |       0 |      16 |   0.0 |   788
           D:6 |       0 |    1484 |   0.0 |       0 |      29 |   0.0 |  2264
           D:7 |       0 |     952 |   0.0 |       0 |      18 |   0.0 |   988
         Sewer |       0 |     142 |   0.0 |       0 |       6 |   0.0 |   228
               +---------+---------+-------+---------+---------+-------+---------
